 Dungeon Crawl Stone Soup version 0.22.1-1-ga44c0e5 (webtiles) character file.

198 Monsterracer the Conjurer (level 5, 0/38 HPs)
             Began as a Demigod Wizard on Sept 23, 2018.
             Slain by a gnoll
             ... wielding a +0 club
              (7 damage)
             ... on level 1 of the Dungeon.
             The game lasted 00:04:48 (2908 turns).

Monsterracer the Conjurer (Demigod Wizard)          Turns: 2908, Time: 00:04:49

Health: 0/38       AC:  3    Str: 10    XL:     5   Next: 22%
Magic:  6/13       EV: 12    Int: 24    God:
Gold:   62         SH:  0    Dex: 14    Spells: 2/11 levels left

rFire    . . .     SeeInvis .   e - +0 spear
rCold    . . .     Gourm    .   (no shield)
rNeg     . . .     Faith    .   a - +0 robe
rPois    .         Spirit   .   f - +0 helmet
rElec    .         Reflect  .   (no cloak)
rCorr    .         Harm     .   (no gloves)
MR       .....                  (no boots)
Stlth    ++........             (no amulet)
HPRegen  0.12/turn              (no ring)
MPRegen  0.13/turn              (no ring)

@: no status effects
A: high mp 1
a: no special abilities


You were on level 1 of the Dungeon.
You were not hungry.

You visited 1 branch of the dungeon, and saw 2 of its levels.

You collected 62 gold pieces.

Inventory:

Hand Weapons
 e - a +0 spear (weapon)
Armour
 a - a +0 robe (worn)
 f - a +0 helmet (worn)
Scrolls
 d - 2 scrolls of remove curse
 h - 2 scrolls of amnesia
Potions
 b - 2 potions of curing {unknown}
 g - a potion of magic {unknown}
 i - a potion of lignification {unknown}
Comestibles
 c - 2 rations


   Skills:
 - Level 1.7 Dodging
 - Level 1.7 Stealth
 + Level 3.7 Spellcasting
 * Level 4.1 Conjurations
   Level 0.8 Summonings
 - Level 0.8 Translocations


You had 2 spell levels left.
You knew the following spells:

 Your Spells              Type           Power        Failure   Level  Hunger
a - Magic Dart            Conj           ###.         1%          1    None
b - Conjure Flame         Conj/Fire      ##......     13%         3    ###....
c - Mephitic Cloud        Conj/Pois/Air  ##......     17%         3    ###....
e - Blink                 Tloc           N/A          11%         2    #......

Your spell library contained the following spells:

 Spells                   Type           Power        Failure   Level  Hunger
 Call Imp                 Summ           #.......     11%         2    #......
 Slow                     Hex            #.......     16%         2    #......


Dungeon Overview and Level Annotations

Branches:
Dungeon (2/15)


Innate Abilities, Weirdness & Mutations

You have an increased reservoir of magic. (+10% MP)


Message History

You kill the gnoll!
The gnoll misses you.
You now have 8/13 mp.
Casting: Magic Dart (safe; 1% risk of failure)
Confirm with . or Enter, or press ? or * to list all spells.
Aiming: Magic Dart (safe; 1% risk of failure)
Press: ? - help, Shift-Dir - straight line, f - gnoll
Aim: a gnoll, wielding a spear The magic dart hits the gnoll.
The gnoll barely misses you.
You now have 7/13 mp.
Casting: Magic Dart (safe; 1% risk of failure)
Confirm with . or Enter, or press ? or * to list all spells.
Aiming: Magic Dart (safe; 1% risk of failure)
Press: ? - help, Shift-Dir - straight line, f/p - gnoll
Aim: a gnoll, wielding a spear The magic dart hits the rat.
You kill the rat!
The gnoll misses you.
You now have 6/13 mp.
Casting: Magic Dart (safe; 1% risk of failure)
Confirm with . or Enter, or press ? or * to list all spells.
Aiming: Magic Dart (safe; 1% risk of failure)
Press: ? - help, Shift-Dir - straight line, f/p - gnoll
Aim: a gnoll, wielding a spear The magic dart hits the gnoll.
The gnoll is moderately wounded.
The gnoll hits you from afar with a spear.
The goblin barely misses you.
You take 4 damage, and have 32/38 hp.
Unknown command.
Casting: Magic Dart (safe; 1% risk of failure)
Confirm with . or Enter, or press ? or * to list all spells.
Aiming: Magic Dart (safe; 1% risk of failure)
Press: ? - help, Shift-Dir - straight line, f/p - gnoll
Aim: a gnoll, wielding a spear (moderately wounded)
The magic dart hits the gnoll.
The gnoll is severely wounded.
The gnoll hits you from afar with a spear.
The goblin closely misses you.
You take 2 damage, and have 30/38 hp.
You now have 5/13 mp.
Casting: Magic Dart (safe; 1% risk of failure)
Confirm with . or Enter, or press ? or * to list all spells.
Aiming: Magic Dart (safe; 1% risk of failure)
Press: ? - help, Shift-Dir - straight line, f/p - gnoll
Aim: a gnoll, wielding a spear (severely wounded)
You miscast Magic Dart.
You are very lightly contaminated with residual magic.
Nothing appears to happen.
The gnoll hits you from afar with a spear.
The goblin barely misses you.
You take 5 damage, and have 25/38 hp.
You now have 4/13 mp.
Unknown command.
The gnoll hits you with a club.
The gnoll hits you from afar with a spear.
* * * LOW HITPOINT WARNING * * *
You take 7 damage, and have 18/38 hp.
The gnoll closely misses you.
The gnoll throws a stone.
The stone hits you.
* * * LOW HITPOINT WARNING * * *
You take 5 damage, and have 13/38 hp.
The gnoll throws a stone.
The stone completely misses you.
Your magical contamination has completely faded away.
You see here a club.
The gnoll throws a stone.
The stone hits you.
* * * LOW HITPOINT WARNING * * *
You see here a stone.
You take 3 damage, and have 13/38 hp.
The gnoll throws a stone.
The stone hits you.
* * * LOW HITPOINT WARNING * * *
You see here a stone.
You take 6 damage, and have 7/38 hp.
The gnoll throws a stone.
The stone hits you.
* * * LOW HITPOINT WARNING * * *
Things that are here:
a stone; a ring mail You take 1 damage, and have 6/38 hp.
There is a stone staircase leading up, spattered with blood here.
You can't go down here!
The gnoll barely misses you.
You climb upwards.
There is a stone staircase leading down here.
You see here a +0 hat.
Casting: Magic Dart (safe; 1% risk of failure)
Confirm with . or Enter, or press ? or * to list all spells.
Aiming: Magic Dart (safe; 1% risk of failure)
Press: ? - help, Shift-Dir - straight line, f - gnoll
Aim: a gnoll, wielding a club and wearing a leather armour The magic dart hits the gnoll.
The gnoll is lightly wounded.
The gnoll hits you but does no damage.
You now have 7/13 mp.
Casting: Magic Dart (safe; 1% risk of failure)
Confirm with . or Enter, or press ? or * to list all spells.
Aiming: Magic Dart (safe; 1% risk of failure)
Press: ? - help, Shift-Dir - straight line, f/p - gnoll
Aim: a gnoll, wielding a club and wearing a leather armour (lightly wounded)
The magic dart hits the gnoll.
The gnoll is lightly wounded.
The gnoll hits you with a club!
You die...

#......###...###### ##
####...##..#.####.# .#
#)#...)......#.# ## .##
#.##)..........# #.
..######)###..........# #.
.........###........#.##########.
.)...............................
#####....................####....
#.)..###.>..@...#.##......##.
##.....#...[.g..#.####.....#.
##..##..........#.###..###...
#..........#......#...####...
#.......[..#.#.........(.....
######'######............####
#.........###...........#
##.........###...........####
#8.........8##...........##..


You could see a gnoll.

Vanquished Creatures
  Robin (D:1)
  3 adders (D:2)
  9 gnolls
  3 oozes (D:1)
  A worm (D:2)
  2 bat zombies (D:2)
  3 giant cockroaches (D:1)
  16 goblins
  4 hobgoblins
  4 jackals
  4 bats (D:1)
  4 frilled lizards
  5 kobolds
  4 rats
63 creatures vanquished.

Notes
Turn   | Place    | Note
-------+----------+-------------------------------------------
     0 | D:1      | Monsterracer the Demigod Wizard began the quest for the
                  | Orb.
     0 | D:1      | Reached XP level 1. HP: 14/14 MP: 6/6
    30 | D:1      | Reached skill level 1 in Conjurations
   326 | D:1      | Reached XP level 2. HP: 17/20 MP: 1/8
   327 | D:1      | HP: 9/20 [ooze (5)]
   354 | D:1      | HP: 8/20 [ooze (2)]
   556 | D:1      | Reached skill level 2 in Conjurations
   715 | D:1      | Reached XP level 3. HP: 18/26 MP: 1/10
   877 | D:1      | Learned a level 2 spell: Blink
   883 | D:1      | Learned a level 3 spell: Conjure Flame
  1335 | D:2      | Reached skill level 3 in Conjurations
  1458 | D:2      | Noticed Robin
  1489 | D:2      | HP: 13/26 [gnoll/club (6)]
  1706 | D:2      | HP: 13/26 [goblin[Robin] (1)]
  1714 | D:1      | HP: 7/26 [giant cockroach (2)]
  1724 | D:1      | Reached XP level 4. HP: 11/33 MP: 9/11
  1934 | D:1      | Killed Robin
  2135 | D:1      | HP: 15/33 [gnoll (5)]
  2182 | D:1      | HP: 12/33 [gnoll (2)]
  2187 | D:1      | HP: 9/33 [gnoll (1)]
  2531 | D:2      | Reached XP level 5. HP: 38/38 MP: 8/13
  2536 | D:2      | Learned a level 3 spell: Mephitic Cloud
  2579 | D:2      | Found an iron altar of Okawaru.
  2745 | D:2      | Reached skill level 4 in Conjurations
  2875 | D:2      | HP: 18/38 [gnoll/spear (3)]
  2900 | D:2      | HP: 13/38 [gnoll/stone (3)]
  2903 | D:2      | HP: 6/38 [gnoll/stone (1)]
  2908 | D:1      | Slain by a gnoll

Skill      XL: |  1  2  3  4  5 |
---------------+----------------+-----
Conjurations   | 1 2 3 4 |  4.1
Spellcasting   | 3 |  3.7
Dodging        | |  1.7
Stealth        | |  1.7
Summonings     | |  0.8
Translocations | |  0.8

Action                   |  1- 3 |  4- 6 || total
-------------------------+-------+-------++-------
Melee: Dagger            |    16 |       ||    16
       Unarmed           |     2 |       ||     2
       Spear             |     2 |     1 ||     3
 Cast: Magic Dart        |    95 |    86 ||   181
  Use: Scroll            |     3 |       ||     3
  Eat: Chunk             |     2 |     1 ||     3
       Ration            |       |     1 ||     1
Armor: Robe              |    42 |       ||    42
Dodge: Dodged            |   109 |    34 ||   143

Vault maps used:
D:1:      mrwooster_arrival_statue_3
D:2:      okawaru_gym_becter, serial_undead, serial_undead_e, serial_undead_e,
          serial_undead_c, serial_undead_a, serial_undead_b, serial_undead_e,
          serial_undead_d, st_stairs_4, kennysheep_pointless_box,
          nemelex_lonely_heart_becter, uniq_robin, uniq_crazy_yiuf_cottage
